 Dungeon Sprint DCSS version 0.27-a0-394-g49c82dfaf2 (webtiles) character file.

Game seed: 8047945293843033691

29963 mhtbhm the Executioner (level 13, -7/207 HPs)
             Began as a Minotaur Fighter on Feb 21, 2021.
             Was the Champion of Trog.
             Mangled by Mennas
             ... wielding a +4 eudemon blade of holy wrath
              (14 damage)
             ... in the Dungeon (Sprint VII: "The Pits").
             The game lasted 00:08:42 (3521 turns).

mhtbhm the Executioner (Minotaur Fighter)           Turns: 3521, Time: 00:08:43

Health: -7/207     AC: 23    Str: 38    XL:     13   Next: 18%
Magic:  12/12      EV: 14    Int:  1    God:    Trog [******]
Gold:   43         SH:  0    Dex: 17    Spells: 12/12 levels left

rFire    x . .     SeeInvis .   a - +10 broad axe of Pessimism {vorpal, rF- rN+ Str+4}
rCold    . . .     Faith    .   c - +0 kite shield
rNeg     + + .     Spirit   .   b - +3 plate armour
rPois    .         Reflect  .   (helmet restricted)
rElec    +         Harm     .   r - +0 cloak
rCorr    .         Rampage  .   (no gloves)
Will     .....     NoTele   +   (no boots)
Stlth    ..........             (no amulet)
HPRegen  0.44/turn              D - +6 ring of strength
MPRegen  0.13/turn              E - ring of Qufopa {rElec rN+ Str+2 Int-4 Dex+7}

@: confused, berserking (expiring), glowing, very quick
A: retaliatory headbutt, horns 2
a: Renounce Religion, Berserk, Trog's Hand, Brothers in Arms


You were in the Dungeon.
You worshipped Trog.
Trog was exalted by your worship.
You visited 1 branch You collected 43 gold pieces.

Inventory:

Hand Weapons
 a - the +10 broad axe of Pessimism (weapon) {vorpal, rF- rN+ Str+4}
   (Trog gifted it to you in the Dungeon)

   It inflicts extra damage upon your enemies.
   It affects your strength (+4).
   It makes you vulnerable to fire.
   It protects you from negative energy.
 n - a +3 antimagic executioner's axe
 o - the +7 war axe of Imminent Death {vorpal, rN+}
   (Trog gifted it to you in the Dungeon)

   It inflicts extra damage upon your enemies.
   It protects you from negative energy.
 s - a +9 antimagic broad axe
 F - a +2 great mace of holy wrath
Armour
 b - a +3 plate armour (worn)
 c - a +0 kite shield (worn)
 r - a +0 cloak (worn)
Jewellery
 t - a ring of positive energy
 u - a ring of see invisible
 D - a +6 ring of strength (left hand)
 E - the ring of Qufopa (right hand) {rElec rN+ Str+2 Int-4 Dex+7}
   (You took it off a centaur warrior in the Dungeon)

   [ring of positive energy]

   It affects your strength (+2).
   It affects your intelligence (-4).
   It affects your dexterity (+7).
   It insulates you from electricity.
   It protects you from negative energy.
Scrolls
 j - a scroll of blinking
 l - a scroll of summoning
 x - 2 scrolls of enchant armour
 y - 4 scrolls of enchant weapon
 z - 2 scrolls of fear
 A - a scroll of fog
 C - a scroll of identify
Potions
 d - 3 potions of might
 e - 6 potions of curing
 f - 12 potions of heal wounds
 g - a potion of haste
 h - 4 potions of magic
 i - 5 potions of berserk rage
 k - 2 potions of invisibility
 m - a potion of lignification {unknown}
 q - 3 potions of mutation
 v - a potion of flight
 B - a potion of resistance
Miscellaneous
 w - a box of beasts


   Skills:
 + Level 19.6 Fighting
 + Level 21.4 Axes
 + Level 18.4 Armour
 + Level 7.2 Dodging
 + Level 3.1 Stealth
 + Level 18.7 Shields


You had 12 spell levels left.
You didn't know any spells.
Your spell library was empty.

Dungeon Overview and Level Annotations

Branches:
Dungeon (1/1)

Altars:
Ashenzari
Cheibriados
Dithmenos
Elyvilon
Fedhas
Gozag
Hepliaklqana
Kikubaaqudgha
Makhleb
Nemelex Xobeh
Okawaru
Qazlal
Ru
Sif Muna
Trog
Uskayaw
Vehumet
Wu Jian
Xom
Yredelemnul
Zin
The Shining One
Beogh
Jiyva
Lugonu

Annotations:
D Mennas


Innate Abilities, Weirdness & Mutations

You reflexively headbutt those who attack you in melee.
You have a pair of horns on your head.


Message History

Mennas gestures frantically.
Mennas is healed somewhat.
Mennas blocks your attack.
Your headbutt misses Mennas.
Mennas is heavily wounded.
You completely miss Mennas. Your headbutt misses Mennas.
Mennas is heavily wounded.
Mennas hits you with a +4 eudemon blade of holy wrath!!
You block Mennas's attack. Mennas blocks your attack.
Your headbutt misses Mennas.
Mennas is heavily wounded.
You completely miss Mennas.
Mennas is heavily wounded.
You block Mennas's attack.
Mennas hits you with a +4 eudemon blade of holy wrath!
Mennas blocks your attack. x2
Mennas is heavily wounded.
Mennas hits you with a +4 eudemon blade of holy wrath!!!
You block Mennas's attack. Mennas blocks your attack.
You headbutt Mennas.
Mennas is heavily wounded.
Mennas blocks your attack.
Your headbutt misses Mennas.
Mennas is heavily wounded.
Mennas hits you with a +4 eudemon blade of holy wrath!!
Mennas hits you but does no damage. Mennas blocks your attack.
Mennas is heavily wounded.
Mennas hits you with a +4 eudemon blade of holy wrath!!!
* * * LOW HITPOINT WARNING * * *
You block Mennas's attack.
You slice Mennas!! Your headbutt misses Mennas.
Mennas is severely wounded.
You closely miss Mennas.
Mennas is severely wounded.
Mennas gestures frantically.
You are confused.
You bump into the metal wall.
Mennas hits you with a +4 eudemon blade of holy wrath!!
* * * LOW HITPOINT WARNING * * *
Mennas hits you with a +4 eudemon blade of holy wrath!
You die...

#+# #.# #A# #@#
#'#
################'#
..)..............#
.................#
+##############..#
#..# #..# #..#


You could see Mennas (strong).

Vanquished Creatures
  A royal mummy (D)
  A nagaraja (D)
  A war gargoyle (D)
  A centaur warrior (D)
  A rakshasa (D)
  A spriggan air mage (D)
  An anaconda (D)
  Erica (D)
  A sun demon (D)
  An orc high priest (D)
  2 shadow wraiths (D)
  2 sea snakes (D)
  2 flayed ghosts (D)
  2 bog bodies (D)
  A deep elf pyromancer (D)
  An orc knight (D)
  A wolf spider (D)
  An elephant (D)
  A merfolk siren (D)
  A black mamba (D)
  2 guardian serpents (D)
  A molten gargoyle (D)
  A rust devil (D)
  2 eyes of devastation (D)
  A cane toad (D)
  An orange demon (D)
  A gargoyle (D)
  5 kobold demonologists (D)
  7 yaktaurs (D)
  A guardian mummy (D)
  An ice devil (D)
  2 freezing wraiths (D)
  A jumping spider (D)
  A merfolk (D)
  A polar bear (D)
  2 trolls (D)
  A wind drake (D)
  A tarantella (D)
  A redback (D)
  An air elemental (D)
  A ynoxinul (D)
  A wyvern (D)
  A steam dragon (D)
  A chaos spawn (D)
  3 wargs (D)
  2 floating eyes (D)
  An orc warrior (D)
  An ice beast (D)
  A sky beast (D)
  A black bear (D)
  A necrophage (D)
  A centaur (D)
  6 wolves (D)
  A kobold brigand (D)
  A scorpion (D)
  A jelly (D)
  2 gnoll shamans (D)
  2 iguanas (D)
  2 orc priests (D)
  An iron imp (D)
  3 orc wizards (D)
  A worker ant (D)
  5 gnolls (D)
  An adder (D)
  A river rat (D)
  A white imp (D)
  An ufetubus (D)
  An ooze (D)
  2 adder skeletons (D)
  3 leopard geckos (D)
  10 orcs (D)
  2 giant cockroaches (D)
  2 quokkas (D)
  A ball python (D)
  A frilled lizard (D)
  A giant cockroach zombie (D)
  8 kobolds (D)
  A leopard gecko zombie (D)
134 creatures vanquished.

Vanquished Creatures (collateral kills)
  A hydra (D)
  A swamp drake (D)
2 creatures vanquished.

Vanquished Creatures (others)
  A wizard (D)
1 creature vanquished.

Grand Total: 137 creatures vanquished

Notes
Turn   | Place    | Note
-------+----------+-------------------------------------------
     0 | D        | mhtbhm the Minotaur Fighter began the quest for the Orb.
     0 | D        | Reached XP level 1. HP: 19/19 MP: 0/0
    17 | D        | Found a bloodstained altar of Trog.
    17 | D        | Found a shimmering blue altar of Sif Muna.
    17 | D        | Found a viscous altar of Jiyva.
    17 | D        | Found a hazy altar of Hepliaklqana.
    17 | D        | Found an opulent altar of Gozag.
    18 | D        | Found a glowing golden altar of the Shining One.
    18 | D        | Found a glowing silver altar of Zin.
    18 | D        | Found a basalt altar of Yredelemnul.
    18 | D        | Found a shimmering altar of Xom.
    18 | D        | Found an ornate altar of the Wu Jian Council.
    18 | D        | Found a sacrificial altar of Ru.
    18 | D        | Found a stormy altar of Qazlal.
    18 | D        | Found an iron altar of Okawaru.
    18 | D        | Found a sparkling altar of Nemelex Xobeh.
    18 | D        | Found a burning altar of Makhleb.
    18 | D        | Found a blossoming altar of Fedhas.
    18 | D        | Found a white marble altar of Elyvilon.
    18 | D        | Found a shadowy altar of Dithmenos.
    18 | D        | Found a snail-covered altar of Cheibriados.
    20 | D        | Found a radiant altar of Vehumet.
    20 | D        | Found a corrupted altar of Lugonu.
    20 | D        | Found a roughly hewn altar of Beogh.
    22 | D        | Became a worshipper of Trog the Wrathful
   173 | D        | Reached * piety under Trog
   190 | D        | Noticed a floating eye
   190 | D        | Noticed a worker ant
   191 | D        | Noticed an iron imp
   195 | D        | Killed a floating eye
   196 | D        | Reached skill level 4 in Axes
   196 | D        | Reached skill level 1 in Dodging
   196 | D        | Reached XP level 2. HP: 31/31 MP: 1/1
   196 | D        | Reached XP level 3. HP: 38/38 MP: 2/2
   196 | D        | Reached XP level 4. HP: 45/45 MP: 3/3
   197 | D        | Reached ** piety under Trog
   199 | D        | Reached skill level 5 in Axes
   201 | D        | Reached XP level 5. HP: 52/52 MP: 4/4
   314 | D        | Noticed a warg
   315 | D        | Noticed a sky beast
   324 | D        | Killed a warg
   325 | D        | Reached skill level 7 in Axes
   325 | D        | Reached XP level 6. HP: 62/62 MP: 5/5
   326 | D        | Reached *** piety under Trog
   333 | D        | Killed a sky beast
   334 | D        | Reached skill level 8 in Axes
   525 | D        | Reached **** piety under Trog
   528 | D        | Noticed Erica
   537 | D        | Killed Erica
   538 | D        | Reached skill level 10 in Fighting
   538 | D        | Reached skill level 10 in Axes
   538 | D        | Reached XP level 7. HP: 73/73 MP: 6/6
   538 | D        | Reached XP level 8. HP: 81/81 MP: 7/7
   588 | D        | Paralysed by a floating eye for 2 turns
   596 | D        | Paralysed by a floating eye for 4 turns
   603 | D        | Reached ***** piety under Trog
   604 | D        | Paralysed by a floating eye for 4 turns
   644 | D        | Noticed an orc high priest
   658 | D        | Received a gift from Trog
   659 | D        | Reached skill level 11 in Axes
   661 | D        | Noticed a red devil
   661 | D        | Noticed an ice devil
   666 | D        | Killed an orc high priest
   667 | D        | Reached skill level 12 in Axes
   667 | D        | Reached skill level 5 in Dodging
   667 | D        | Reached skill level 1 in Stealth
   667 | D        | Reached XP level 9. HP: 35/90 MP: 8/8
   955 | D        | Found a hide-covered altar of Uskayaw.
   955 | D        | Found an ancient bone altar of Kikubaaqudgha.
   955 | D        | Found a broken altar of Ashenzari.
   994 | D        | Killed a shadow wraith
  1091 | D        | Noticed a polar bear
  1096 | D        | Killed a shadow wraith
  1097 | D        | Reached skill level 13 in Axes
  1103 | D        | Killed a polar bear
  1103 | D        | Reached ****** piety under Trog
  1157 | D        | Noticed a yaktaur
  1167 | D        | Killed a yaktaur
  1189 | D        | Reached XP level 10. HP: 69/100 MP: 9/9
  1189 | D        | Received a gift from Trog
  1385 | D        | Noticed an orange demon
  1385 | D        | Noticed a wolf spider
  1390 | D        | Killed an orange demon
  1391 | D        | Reached skill level 14 in Axes
  1397 | D        | Killed a wolf spider
  1497 | D        | Noticed a cane toad
  1505 | D        | Killed a cane toad
  1507 | D        | Received a gift from Trog
  1574 | D        | Noticed a sea snake
  1584 | D        | Killed a sea snake
  1585 | D        | Reached skill level 15 in Axes
  1888 | D        | Received a gift from Trog
  1907 | D        | Noticed a merfolk siren
  1917 | D        | Killed a merfolk siren
  1918 | D        | Reached skill level 16 in Axes
  1918 | D        | Noticed a flayed ghost
  1927 | D        | Received a gift from Trog
  1933 | D        | Killed a flayed ghost
  1934 | D        | Reached skill level 15 in Shields
  1934 | D        | Reached XP level 11. HP: 111/111 MP: 10/10
  1938 | D        | Noticed a sea snake
  1947 | D        | Killed a sea snake
  1947 | D        | Received a gift from Trog
  1948 | D        | Reached skill level 15 in Armour
  1952 | D        | Got a warped broad axe {god gift}
  1953 | D        | Identified the +10 broad axe of Pessimism {vorpal, rF- rN+
                  | Str+4} (Trog gifted it to you in the Dungeon)
  1989 | D        | Reached skill level 15 in Fighting
  2024 | D        | Noticed a rakshasa
  2029 | D        | Reached skill level 17 in Axes
  2038 | D        | Killed a rakshasa
  2417 | D        | Received a gift from Trog
  2502 | D        | Noticed a deep elf pyromancer
  2504 | D        | Noticed a flayed ghost
  2504 | D        | Received a gift from Trog
  2511 | D        | Received a gift from Trog
  2512 | D        | Killed a flayed ghost
  2520 | D        | Killed a deep elf pyromancer
  2520 | D        | Received a gift from Trog
  2521 | D        | Reached skill level 18 in Axes
  2791 | D        | Noticed a wizard
  2791 | D        | Noticed a war gargoyle
  2791 | D        | Noticed a nagaraja
  2793 | D        | Noticed an anaconda
  2794 | D        | Killed a nagaraja
  2800 | D        | Killed a war gargoyle
  2800 | D        | Received a gift from Trog
  2801 | D        | Reached XP level 12. HP: 124/124 MP: 11/11
  2804 | D        | Killed an anaconda
  2809 | D        | Reached skill level 19 in Axes
  2862 | D        | Got an ancient war axe {god gift}
  2863 | D        | Identified the +7 war axe of Imminent Death {vorpal, rN+}
                  | (Trog gifted it to you in the Dungeon)
  3070 | D        | Identified the ring of Qufopa {rElec rN+ Str+2 Int-4 Dex+7}
  3070 | D        | Noticed a centaur warrior
  3073 | D        | Killed a centaur warrior
  3075 | D        | Received a gift from Trog
  3084 | D        | Received a gift from Trog
  3085 | D        | Identified the +7 dagger "Minotaur's Bane" {freeze, Dex+4
                  | SInv}
  3085 | D        | Noticed a spriggan air mage
  3088 | D        | Reached skill level 20 in Axes
  3094 | D        | Killed a spriggan air mage
  3096 | D        | Received a gift from Trog
  3102 | D        | Noticed a seven-headed hydra
  3113 | D        | Killed a ten-headed hydra
  3145 | D        | Received a gift from Trog
  3448 | D        | Noticed a royal mummy
  3455 | D        | Killed a royal mummy
  3456 | D        | Reached skill level 21 in Axes
  3456 | D        | Reached XP level 13. HP: 138/138 MP: 5/12
  3502 | D        | Noticed Mennas
  3521 | D        | HP: 7/207 [Mennas/+4 eudemon blade of holy wrath (19)]
  3521 | D        | Mangled by Mennas

Illustrated notes

Levels and vault maps discovered:
D:        pitsprint [storerooms_1, entrance_room_1, metal_vault_7, armoury_3,
          mini_pit_1, grid_room_1, main_hall_1, silver_pit, the_coven_1,
          the_vestibule_1, steel_vault_4, golden_pit, hallway_of_sentries,
          crystal_vault_1, iron_vault_2, final_vault]

Skill      XL: |  1  2  3  4  5  6  7  8  9 10 11 12 |
---------------+-------------------------------------+-----
Fighting       | 6 7 8 10 11 12 14 16 19 | 19.6
Armour         | 6 7 8 11 12 13 14 16 18 | 18.4
Shields        | 6 7 8 11 12 13 15 16 18 | 18.7
Axes           | 4 5 7 10 12 13 16 18 21 | 21.4
Dodging        | 1 2 4 5 6 7 |  7.2
Stealth        | 1 2 3 |  3.1

Action                   |  1- 3 |  4- 6 |  7- 9 | 10-12 | 13-15 || total
-------------------------+-------+-------+-------+-------+-------++-------
Melee: Hand axe          |    19 |    30 |    32 |       |       ||    81
       War axe           |     2 |       |    26 |    76 |       ||   104
       Headbutt          |     1 |     7 |    14 |    41 |     2 ||    65
       Broad axe         |       |       |       |   130 |    17 ||   147
Invok: Berserk           |     1 |     2 |     3 |     9 |     1 ||    16
       Brothers in Arms  |       |       |       |     1 |       ||     1
  Use: Potion            |       |       |     1 |     4 |       ||     5
Armor: Scale mail        |     8 |     7 |    10 |       |       ||    25
       Plate armour      |       |       |    18 |    83 |     5 ||   106
Dodge: Dodged            |     6 |     6 |    16 |    75 |     2 ||   105
Block: Kite shield       |    11 |    12 |    46 |   123 |     5 ||   197

Table legend: (Time is in decaauts)
 A = Elapsed time spent in this place.
 B = Non-inter-level travel time spent in this place.
 C = Inter-level travel time spent in this place.
 D = Time resting spent in this place.
 E = Time spent auto-exploring this place.
 F = Levels seen in this place.
 G = Mean time per level.
                   A        B        C        D        E       F      G
               +--------+--------+--------+--------+--------+-----+--------+
         Total |   3601 |   3601 |      0 |   2294 |    193 |   1 | 3601.0 |
       Dungeon |   3601 |   3601 |      0 |   2294 |    193 |   1 | 3601.0 |
               +--------+--------+--------+--------+--------+-----+--------+

Top non-repeatable levels by time:
       D: 3601 daAuts
